Map: Deathaura LE

Players

Dear - Winner!

  • Race: Protoss Protoss
  • Spawn Location: 11:00

PtitDrogo

  • Race: Protoss Protoss
  • League: Master
  • Spawn Location: 5:00

Event: War Chest Team League

VOD

Have the link to the VOD?

Description

Time

  • Played on: Aug. 13, 2020, 8:08 a.m.
  • Length: 9:08
Show
View Real Time Build Order
Export as new Build Order

Dear Protoss - Winner!

Build Orders:  

Get SALT Encoding   

  12  0:00  Probe  
  13  0:12  Probe  
  14  0:17  Pylon  
  14  0:24  Probe (Chrono Boost)  
  15  0:36  Probe (Chrono Boost)  
  15  0:37  Gateway  
  16  0:43  Probe (Chrono Boost)  
  16  0:45  Assimilator  
  17  0:51  Probe  
  17  0:53  Assimilator  
  18  1:03  Probe (Chrono Boost)  
  19  1:06  Gateway  
  19  1:13  Probe (Chrono Boost)  
  19  1:18  Probe (Chrono Boost)  
  20  1:24  Cybernetics Core  
  21  1:29  Probe  
  21  1:32  Pylon  
  22  1:41  Probe  
  23  1:53  Probe  
  24  1:58  Warp Gate (Chrono Boost)  
  24  2:00  Adept x2  
  28  2:03  Pylon  
  28  2:17  Pylon  
  28  2:30  Adept x2  
  32  2:41  Nexus  
  32  2:43  Probe  
  33  2:55  Probe  
  34  3:02  Adept x2  
  38  3:06  Pylon  
  38  3:09  Probe  
  37  3:19  Robotics Facility  
  37  3:21  Probe  
  37  3:29  Shield Battery  
  37  3:40  Adept x2  
  41  3:44  Probe (Chrono Boost)  
  42  3:53  Probe (Chrono Boost)  
  44  3:56  Probe (Chrono Boost)  
  44  4:01  Sentry x2  
  49  4:03  Probe x2 (Chrono Boost)  
  49  4:07  Observer  
  49  4:08  Probe (Chrono Boost)  
  52  4:10  Probe  
  52  4:14  Pylon  
  53  4:20  Probe  
  53  4:22  Probe  
  55  4:25  Immortal (Chrono Boost)  
  59  4:32  Probe  
  59  4:34  Sentry, Probe  
  59  4:35  Sentry  
  65  4:38  Pylon  
  65  4:44  Probe  
  65  4:45  Assimilator  
  66  4:46  Probe  
  66  4:50  Twilight Council  
  67  4:53  Assimilator  
  67  4:56  Probe  
  67  4:58  Probe  
  69  5:04  Immortal (Chrono Boost)  
  73  5:08  Probe  
  73  5:10  Probe  
  75  5:17  Pylon  
  75  5:22  Forge, Probe  
  75  5:24  Gateway  
  75  5:27  Gateway  
  76  5:32  Blink (Chrono Boost)  
  76  5:40  Observer (Chrono Boost)  
  76  5:41  Gateway  
  73  5:45  Stalker  
  73  5:46  Stalker  
  77  5:51  Protoss Ground Weapons Level 1 (Chrono Boost)  
  77  5:54  Warp Prism  
  79  6:06  Photon Cannon  
  79  6:10  Gateway  
  79  6:11  Pylon  
  79  6:21  Stalker  
  79  6:22  Stalker  
  83  6:31  Observer  
  84  6:34  Nexus  
  84  6:37  Pylon  
  84  6:56  Stalker x5  
  84  7:00  Pylon  
  94  7:06  Pylon  
  94  7:20  Stalker x4  
  102  7:27  Stalker  
  102  7:28  Stalker  
  106  7:41  Pylon  
  106  7:53  Stalker x2  
  106  7:54  Stalker x4  
  118  8:11  Archon  
  118  8:12  Archon  
  114  8:18  Stalker x2  
  114  8:19  Stalker x4  
  102  8:46  Stalker x6  
Show
View Real Time Build Order
Export as new Build Order

PtitDrogo Protoss 

Build Orders: Zealot Archon 

Get SALT Encoding   

  12  0:00  Probe  
  13  0:13  Probe  
  14  0:17  Pylon  
  14  0:25  Probe (Chrono Boost)  
  15  0:37  Gateway, Probe (Chrono Boost)  
  16  0:43  Probe (Chrono Boost)  
  16  0:46  Assimilator  
  17  0:51  Probe  
  17  0:54  Assimilator  
  18  1:03  Probe (Chrono Boost)  
  19  1:08  Gateway  
  19  1:13  Probe (Chrono Boost)  
  19  1:18  Probe (Chrono Boost)  
  20  1:24  Cybernetics Core  
  21  1:29  Probe  
  21  1:32  Pylon  
  22  1:42  Probe  
  23  1:54  Probe  
  24  1:58  Warp Gate (Chrono Boost)  
  24  2:00  Stalker  
  24  2:01  Stalker  
  28  2:08  Pylon  
  28  2:30  Stalker  
  28  2:31  Stalker  
  32  2:52  Nexus  
  32  2:53  Probe  
  33  3:05  Probe  
  33  3:12  Twilight Council  
  33  3:13  Sentry x2  
  33  3:17  Probe  
  33  3:19  Pylon  
  38  3:31  Shield Battery, Probe (Chrono Boost)  
  39  3:43  Probe (Chrono Boost)  
  40  3:48  Probe (Chrono Boost)  
  40  3:54  Stalker x2  
  45  3:58  Probe  
  46  4:03  Dark Shrine  
  46  4:05  Probe  
  47  4:14  Probe  
  48  4:18  Stalker  
  48  4:21  Probe (Chrono Boost)  
  51  4:26  Probe (Chrono Boost)  
  52  4:34  Stalker, Probe (Chrono Boost)  
  52  4:38  Probe (Chrono Boost)  
  56  4:41  Probe (Chrono Boost)  
  56  4:43  Probe (Chrono Boost)  
  58  4:45  Blink (Chrono Boost)  
  58  4:46  Pylon  
  58  4:48  Pylon  
  58  5:04  Probe x2  
  58  5:05  Assimilator  
  60  5:16  Probe x2  
  60  5:18  Stalker x2  
  66  5:21  Forge  
  66  5:28  Probe x2  
  68  5:35  Forge  
  68  5:40  Probe x2  
  70  5:46  Nexus  
  70  5:52  Pylon  
  70  5:55  Protoss Ground Weapons Level 1 (Chrono Boost)  
  70  5:57  Gateway  
  70  5:58  Gateway  
  70  6:06  Pylon  
  70  6:11  Probe x2  
  72  6:13  Gateway  
  72  6:14  Gateway  
  72  6:23  Probe x2  
  74  6:29  Charge (Chrono Boost)  
  74  6:30  Stalker x2  
  78  6:35  Probe  
  78  6:37  Pylon  
  78  6:38  Probe  
  80  6:49  Probe  
  80  6:50  Probe  
  80  6:52  Templar Archives  
  80  6:54  Stalker x2  
  84  6:55  Zealot x2  
  84  6:59  Probe  
  91  7:01  Probe  
  91  7:02  Probe  
  91  7:05  Robotics Facility  
  93  7:12  Probe  
  94  7:18  Assimilator  
  94  7:20  Zealot x3  
  102  7:23  Assimilator  
  102  7:24  Zealot x2  
  102  7:27  Pylon  
  102  7:29  Pylon  
  104  7:36  Shield Battery  
  102  7:39  Shield Battery  
  102  7:40  Gateway  
  102  7:41  Gateway  
  102  7:45  High Templar x2  
  102  7:49  Archon  
  104  7:52  Zealot  
  104  7:53  Zealot  
  104  7:54  High Templar x2  
  104  7:57  Archon  
  112  8:00  Immortal (Chrono Boost)  
  108  8:13  Zealot x2  
  112  8:21  Shield Battery  
  112  8:22  Shield Battery, Zealot x2  
  112  8:27  Zealot x2  
  102  8:34  Gateway  
  102  8:36  Zealot  
  102  8:37  Gateway, Zealot  
  82  8:42  Zealot  
  82  8:48  Zealot x4  
Tags
 
Add a new tag
Caveats
  • Supply blocks, unpowered buildings, or Contaminate may cause inaccurate times.
  • Supply counts are checked every 10 seconds.